AoeStats
← fares_x86

MegaRandom

509444370Analyzed
3v3 RM · 5d ago on Sep 26, 2026· 26m 27s· 6 players
Game mode
Random Map
Map size
Normal (6 player)
Population
200
Speed
Normal
Resources
Standard
Victory
Conquest
Starting age
Dark Age
Ending age
Imperial Age
RankedLock teamsTeams togetherTeam positionsShared explorationLock speedFull tech treeHidden civsTurbo modeCheats
Victory
Defeat
🇺🇸 Tatars · United States
989
+13
🇹🇷 Burgundians · Türkiye
928
+15
🇺🇸 Teutons · United States
897
+17
921
-15
🇬🇧 Goths · United Kingdom
914
-15
🇷🇺 Franks · Russia
912
-15
Don Balabush
8:29 Loom
13:20 Feudal Age
17:14 Castle Age
15:09 Stone Mining
15:02 Horse Collar
15:15 Gold Mining
15:15 Double-Bit Axe
17:02 Man-at-Arms
20:12 Heavy Plow
21:18 Anarchy
Aleksjar
4:59 Loom
10:00 Feudal Age
11:24 Double-Bit Axe
15:17 Castle Age
16:54 Forging
16:50 Scale Barding Armor
18:36 Bow Saw
19:30 Gold Mining
20:18 Wheelbarrow
23:03 Hand Cart
Konstantinos V Basileius Romaion
10:20 Feudal Age
8:40 Loom
11:19 Horse Collar
15:28 Castle Age
13:57 Forging
13:48 Scale Mail Armor
13:59 Arson
14:17 Gold Mining
17:22 Iron Casting
18:07 Squires
19:23 Chain Mail Armor
20:43 Heavy Plow
20:29 Double-Bit Axe
21:52 Bow Saw
23:29 Fletching
23:40 Padded Archer Armor
27:23 Imperial Age
24:42 Town Watch
24:48 Pikeman
26:54 Town Patrol
KingYankee1
1:44 Loom
8:34 Feudal Age
12:06 Double-Bit Axe
12:59 Wheelbarrow
12:40 Gold Mining
19:43 Castle Age
19:44 Stone Mining
20:23 Scale Barding Armor
20:48 Hand Cart
20:45 Bow Saw
21:16 Horse Collar
21:51 Husbandry
22:02 Bloodlines
23:38 Heavy Plow
Caillou
10:09 Feudal Age
17:48 Castle Age
15:37 Loom
16:29 Wheelbarrow
15:41 Double-Bit Axe
15:38 Horse Collar
17:37 Bloodlines
20:04 Forging
22:09 Hand Cart
24:05 Iron Casting
23:36 Scale Barding Armor
fares_x86
0:40 Loom
10:19 Feudal Age
10:35 Wheelbarrow
12:50 Double-Bit Axe
15:02 Arson
17:50 Castle Age
16:02 Scale Mail Armor
17:03 Hand Cart
25:03 Horse Collar
26:00 Forging
Connection lost

Rejoining the realm…

Still unreachable

The connection could not be restored.

Session expired

The server has moved on; the page needs a fresh start.